[Event "GER-ch Youth-U12 2024"]
[Site "Willingen"]
[Date "2024.05.25"]
[Round "9"]
[White "Balashvili, Amiran"]
[Black "Gersemann, Karl"]
[Result "1-0"]
[ECO "B28"]
[WhiteElo "1682"]
[BlackElo "1729"]
[Annotator "NA RC"]
[PlyCount "81"]
[EventDate "2022.06.05"]
[EventType "swiss"]
[EventRounds "9"]
[EventCountry "GER"]
[SourceTitle "playchess.com"]
[Source "ChessBase"]
[SourceQuality "1"]
[TimeControl "40/4500+30:900+30"]

1. e4 c5 2. Nf3 a6 3. d4 cxd4 4. Nxd4 Nf6 5. Nc3 e5 6. Nf3 Bb4 7. Bd3 d5 8. exd5 e4 9. Qe2 Bxc3+ 10. bxc3 O-O 11. Bxe4 Re8 12. Nd2 Nxe4 13. Nxe4 f5 14. O-O fxe4 15. c4 Qf6 16. Ba3 Qg6 17. Kh1 Bg4 18. Qe3 Nd7 19. h3 Qh5 20. Kg1 Be2 21. g4 Bxg4 22. hxg4 Qxg4+ 23. Qg3 Qxg3+ 24. fxg3 Nb6 25. Rab1 Nxc4 26. Rxb7 Rab8 27. Rc7 Nxa3 28. Rff7 Re5 29. Rxg7+ Kh8 30. Rxh7+ Kg8 31. Rcg7+ Kf8 32. Rf7+ Ke8 33. Rfg7 Rf5 34. Rg8+ Rf8 35. Rxf8+ Kxf8 36. Rh8+ Ke7 37. Rxb8 Kd6 38. Rd8+ Ke7 39. Ra8 Nxc2 40. Rxa6 e3 41. Kf1 1-0

[Event "GER-ch Youth-U12 2024"]
[Site "Willingen"]
[Date "2024.05.25"]
[Round "9"]
[White "Heitmann, Erik"]
[Black "Schellinger, Florian"]
[Result "1-0"]
[ECO "E35"]
[WhiteElo "1644"]
[BlackElo "863"]
[Annotator "NA RC"]
[PlyCount "65"]
[EventDate "2022.06.05"]
[EventType "swiss"]
[EventRounds "9"]
[EventCountry "GER"]
[SourceTitle "playchess.com"]
[Source "ChessBase"]
[SourceQuality "1"]
[TimeControl "40/4500+30:900+30"]

1. d4 e6 2. c4 Nf6 3. Nc3 Bb4 4. Qc2 d5 5. cxd5 exd5 6. Bg5 Nc6 7. e3 O-O 8. Bd3 Qd6 9. Bxf6 Qxf6 10. Bxh7+ Kh8 11. Bd3 Qg5 12. g3 Be6 13. Nf3 Qg4 14. Be2 Qh3 15. Ng5 Qh6 16. h4 Rae8 17. O-O-O f6 18. Bd3 f5 19. Nxe6 Qxe6 20. h5 Kg8 21. Rh4 g5 22. hxg6 Qxg6 23. g4 Qg5 24. Rh5 Qxg4 25. Rhh1 Qf3 26. Rdg1+ Kf7 27. Bxf5 Ke7 28. Rh7+ Kd8 29. Rd7+ Kc8 30. Bg4 Nxd4 31. exd4 Qf4+ 32. Kb1 Qxd4 33. Rxd5+ 1-0

[Event "GER-ch Youth-U12 2024"]
[Site "Willingen"]
[Date "2024.05.25"]
[Round "9"]
[White "Doeding, Alexander"]
[Black "Prashanthakumar, Arnesh"]
[Result "1-0"]
[ECO "C24"]
[WhiteElo "1633"]
[BlackElo "1634"]
[Annotator "NA RC"]
[PlyCount "53"]
[EventDate "2022.06.05"]
[EventType "swiss"]
[EventRounds "9"]
[EventCountry "GER"]
[SourceTitle "playchess.com"]
[Source "ChessBase"]
[SourceQuality "1"]
[TimeControl "40/4500+30:900+30"]

1. e4 e5 2. Bc4 Nf6 3. d4 exd4 4. Nf3 Bc5 5. O-O O-O 6. e5 d5 7. exf6 dxc4 8. fxg7 Re8 9. Ng5 Bf5 10. Nxf7 Kxf7 11. Qh5+ Bg6 12. Qxc5 Nc6 13. Qxc4+ Kxg7 14. Bd2 Qd6 15. Na3 Ne5 16. Qb3 d3 17. Nc4 Nxc4 18. Qxc4 Rac8 19. Bc3+ Kf8 20. Rad1 Red8 21. Rfe1 Bf7 22. Qg4 Qg6 23. Qh4 Bd5 24. g3 Qf7 25. Rxd3 Rd6 26. Rde3 Rd7 27. Bf6 1-0

[Event "GER-ch Youth-U12 2024"]
[Site "Willingen"]
[Date "2024.05.25"]
[Round "9"]
[White "Franke, Moritz"]
[Black "Schmidt, Jossip"]
[Result "0-1"]
[ECO "C54"]
[WhiteElo "1597"]
[BlackElo "1603"]
[Annotator "NA RC"]
[PlyCount "38"]
[EventDate "2022.06.05"]
[EventType "swiss"]
[EventRounds "9"]
[EventCountry "GER"]
[SourceTitle "playchess.com"]
[Source "ChessBase"]
[SourceQuality "1"]
[TimeControl "40/4500+30:900+30"]

1. e4 e5 2. Nf3 Nc6 3. Bc4 Bc5 4. c3 Nf6 5. d4 exd4 6. cxd4 Bb4+ 7. Nc3 Nxe4 8. O-O Bxc3 9. d5 Ne7 10. bxc3 O-O 11. Re1 Nd6 12. Qd4 Nxc4 13. Qxc4 d6 14. Qe4 Re8 15. Ng5 Bf5 16. Qh4 h6 17. Nf3 Nxd5 18. Rxe8+ Qxe8 19. Nd4 Qe1# 0-1

[Event "GER-ch Youth-U12 2024"]
[Site "Willingen"]
[Date "2024.05.25"]
[Round "9"]
[White "Gao, Chenzhuo"]
[Black "König, Lian"]
[Result "1-0"]
[ECO "D05"]
[WhiteElo "1580"]
[BlackElo "1180"]
[Annotator "NA"]
[PlyCount "93"]
[EventDate "2022.06.05"]
[EventType "swiss"]
[EventRounds "9"]
[EventCountry "GER"]
[SourceTitle "playchess.com"]
[Source "ChessBase"]
[SourceQuality "1"]
[TimeControl "40/4500+30:900+30"]

1. d4 d5 2. Nf3 Nf6 3. e3 e6 4. Bd3 Bd6 5. O-O O-O 6. Nbd2 b6 7. e4 dxe4 8. Nxe4 Bb7 9. Nxd6 Qxd6 10. c3 Ng4 11. g3 Qd5 12. Be2 Nf6 13. Bf4 c5 14. dxc5 Qxd1 15. Raxd1 bxc5 16. Bd6 Rc8 17. Bxc5 h6 18. Bd6 a5 19. Ne5 Ba6 20. Bxa6 Rxa6 21. Ba3 Ra7 22. Rd4 Nbd7 23. Nxd7 Rxd7 24. Rxd7 Nxd7 25. Rd1 Nf6 26. f3 Nd5 27. Kf2 Nb6 28. Be7 Nd5 29. Bd6 Rc6 30. Be5 Rc8 31. Ke2 Nb6 32. b3 a4 33. c4 axb3 34. axb3 f6 35. Bd4 Na8 36. Rb1 e5 37. Be3 Rd8 38. b4 f5 39. b5 Kf7 40. b6 Nxb6 41. Rxb6 Rc8 42. c5 Ke7 43. Rb7+ Kf8 44. Kd3 f4 45. gxf4 exf4 46. Bxf4 Rxc5 47. Bd6+ 1-0

[Event "GER-ch Youth-U12 2024"]
[Site "Willingen"]
[Date "2024.05.25"]
[Round "9"]
[White "Kaza, Charith"]
[Black "Chua, Daniel James"]
[Result "1-0"]
[ECO "B76"]
[WhiteElo "1503"]
[BlackElo "1751"]
[Annotator "NA RC"]
[PlyCount "62"]
[EventDate "2022.06.05"]
[EventType "swiss"]
[EventRounds "9"]
[EventCountry "GER"]
[SourceTitle "playchess.com"]
[Source "ChessBase"]
[SourceQuality "1"]
[TimeControl "40/4500+30:900+30"]

1. e4 c5 2. Nf3 d6 3. d4 cxd4 4. Nxd4 Nf6 5. Nc3 g6 6. Be3 Bg7 7. Nb3 O-O 8. f3 Nc6 9. Qd2 Be6 10. O-O-O Bxb3 11. cxb3 Rc8 12. Kb1 Nd7 13. Bh6 Qa5 14. Bxg7 Kxg7 15. h4 Nf6 16. g4 Rfd8 17. h5 d5 18. hxg6 fxg6 19. Qh6+ Kf7 20. g5 Nb4 21. gxf6 Rxc3 22. Qxh7+ Kxf6 23. e5+ Kg5 24. Qh4+ Kf5 25. Bh3+ Kxe5 26. Qxe7+ Kf4 27. Qf6+ Kg3 28. Qg5+ Kxf3 29. Qg4+ Kf2 30. Rhf1+ Ke3 31. Rfe1+ Kf2 1-0

[Event "GER-ch Youth-U12 2024"]
[Site "Willingen"]
[Date "2024.05.25"]
[Round "9"]
[White "Levytskyi, Oleksandr"]
[Black "Lee, Ho In"]
[Result "1/2-1/2"]
[ECO "A36"]
[WhiteElo "1467"]
[BlackElo "1668"]
[Annotator "NA RC"]
[PlyCount "66"]
[EventDate "2022.06.05"]
[EventType "swiss"]
[EventRounds "9"]
[EventCountry "GER"]
[SourceTitle "playchess.com"]
[Source "ChessBase"]
[SourceQuality "1"]
[TimeControl "40/4500+30:900+30"]

1. e4 c5 2. c4 Nc6 3. Ne2 e5 4. d3 d6 5. Nbc3 g6 6. g3 Bg7 7. Bg2 Nge7 8. O-O O-O 9. f4 Nd4 10. Nxd4 exd4 11. Nd5 Nxd5 12. exd5 f5 13. Qf3 Bd7 14. Bd2 Qb6 15. b3 Rae8 16. Rfb1 Qc7 17. b4 b6 18. b5 Ra8 19. a4 a5 20. Re1 Rae8 21. Rxe8 Rxe8 22. Re1 Qd8 23. Qf2 Kf7 24. Kf1 h6 25. Rxe8 Qxe8 26. Qe2 Qxe2+ 27. Kxe2 Bf6 28. Kf3 g5 29. Ke2 Kg6 30. Bf3 h5 31. fxg5 Bxg5 32. Bxg5 Kxg5 33. h4+ Kg6 1/2-1/2

[Event "GER-ch Youth-U12 2024"]
[Site "Willingen"]
[Date "2024.05.25"]
[Round "9"]
[White "Fass, Ben"]
[Black "Rinke, Alexander"]
[Result "1-0"]
[ECO "B10"]
[WhiteElo "1027"]
[BlackElo "1596"]
[Annotator "NA RC"]
[PlyCount "61"]
[EventDate "2022.06.05"]
[EventType "swiss"]
[EventRounds "9"]
[EventCountry "GER"]
[SourceTitle "playchess.com"]
[Source "ChessBase"]
[SourceQuality "1"]
[TimeControl "40/4500+30:900+30"]

1. e4 c6 2. c4 d5 3. cxd5 cxd5 4. exd5 Nf6 5. Bc4 Nxd5 6. Bxd5 Qxd5 7. Nc3 Qd8 8. Nf3 Bg4 9. O-O e6 10. d4 Bxf3 11. Qxf3 Qxd4 12. Qxb7 Be7 13. Qxa8 O-O 14. Be3 Qb4 15. Rab1 Nd7 16. Qxa7 Ne5 17. a3 Qh4 18. f3 Bf6 19. Bf2 Qg5 20. Qe3 Qg6 21. Ne4 Bd8 22. b4 Bc7 23. a4 Qh5 24. h3 Rb8 25. h4 Qg6 26. Qg5 Qxg5 27. Nxg5 Nc4 28. Rfc1 Nd2 29. Rb2 Bf4 30. Rcc2 e5 31. Rxd2 1-0